Map: King Sejong Station LE

Players

CommanderLMo - Winner!

  • Race: Protoss Protoss
  • League: Silver
  • Spawn Location: 11:00

Fropez

  • Race: Protoss Protoss
  • League: Silver
  • Spawn Location: 5:00

VOD

Have the link to the VOD?

Description

Time

  • Played on: June 20, 2016, 6:14 p.m.
  • Length: 23:19
Show
View Real Time Build Order
Export as new Build Order

CommanderLMo Protoss - Winner!

Build Orders: 1 Gate Expand 

Get SALT Encoding   

  12  0:01  Probe (Chrono Boost)  
  13  0:12  Probe (Chrono Boost)  
  14  0:18  Pylon  
  14  0:22  Probe (Chrono Boost)  
  15  0:36  Probe (Chrono Boost)  
  15  0:38  Gateway  
  16  0:47  Probe (Chrono Boost)  
  17  1:17  Nexus  
  17  1:21  Pylon  
  17  1:29  Cybernetics Core  
  17  1:37  Assimilator  
  16  1:42  Assimilator  
  16  1:45  Probe (Chrono Boost)  
  17  2:15  Forge  
  17  2:16  Probe (Chrono Boost)  
  20  2:22  Zealot (Chrono Boost)  
  20  2:28  Probe  
  21  2:44  Probe (Chrono Boost)  
  22  2:48  Assimilator  
  22  2:56  Probe (Chrono Boost)  
  23  3:02  Photon Cannon  
  22  3:06  Probe (Chrono Boost)  
  23  3:17  Probe (Chrono Boost)  
  23  3:19  Probe (Chrono Boost)  
  25  3:27  Probe (Chrono Boost)  
  25  3:28  Probe (Chrono Boost)  
  25  3:29  Pylon  
  25  3:31  Pylon, Stalker (Chrono Boost)  
  29  3:41  Probe (Chrono Boost)  
  29  3:42  Probe (Chrono Boost)  
  29  3:44  Robotics Facility  
  31  3:53  Probe (Chrono Boost)  
  32  3:56  Probe (Chrono Boost)  
  30  4:03  Mothership Core (Chrono Boost)  
  30  4:06  Probe (Chrono Boost)  
  29  4:12  Stalker (Chrono Boost)  
  22  4:54  Immortal (Chrono Boost)  
  26  5:00  Probe x2 (Chrono Boost)  
  28  5:10  Assimilator  
  28  5:11  Probe x2 (Chrono Boost)  
  30  5:19  Stalker  
  32  5:22  Probe x2 (Chrono Boost)  
  32  5:25  Photon Cannon  
  34  5:32  Probe x2 (Chrono Boost)  
  36  5:48  Pylon  
  36  5:49  Zealot  
  38  5:54  Probe x2 (Chrono Boost)  
  40  6:00  Immortal  
  41  6:47  Immortal (Chrono Boost)  
  44  7:00  Probe  
  43  7:11  Probe  
  44  7:17  Protoss Ground Weapons Level 1 (Chrono Boost)  
  44  7:24  Forge  
  44  7:28  Probe  
  46  7:30  Probe, Gateway  
  46  7:31  Gateway  
  46  7:33  Gateway  
  46  7:34  Stalker  
  48  7:38  Probe  
  48  7:42  Probe, Immortal  
  54  7:49  Probe  
  55  7:53  Warp Gate  
  55  7:54  Probe  
  56  7:59  Probe  
  57  8:06  Probe  
  57  8:10  Probe  
  47  8:49  Adept  
  47  8:50  Adept x3  
  51  9:05  Probe  
  51  9:07  Probe  
  52  9:15  Probe  
  52  9:19  Probe  
  54  9:26  Probe, Stalker x3  
  54  9:27  Immortal  
  64  9:31  Probe  
  64  9:37  Probe  
  65  9:43  Probe  
  66  9:47  Probe  
  67  9:55  Probe  
  67  9:58  Probe  
  69  10:04  Protoss Ground Armor Level 1 (Chrono Boost)  
  67  10:18  Zealot  
  69  10:29  Pylon  
  69  10:32  Pylon  
  69  10:36  Zealot x2  
  69  10:37  Probe  
  70  10:47  Probe, Zealot x2  
  75  10:50  Immortal  
  79  11:03  Zealot  
  51  11:41  Probe  
  51  11:43  Probe  
  51  11:51  Probe  
  50  11:55  Probe  
  50  11:58  Immortal (Chrono Boost)  
  55  12:02  Probe  
  55  12:05  Twilight Council  
  52  12:17  Photon Cannon  
  52  12:19  Photon Cannon  
  52  12:31  Protoss Shields Level 1 (Chrono Boost)  
  52  12:32  Immortal (Chrono Boost)  
  56  13:01  Nexus  
  56  13:06  Pylon x2  
  56  13:08  Pylon  
  56  13:10  Probe  
  56  13:11  Assimilator  
  56  13:12  Probe  
  58  13:16  Assimilator  
  58  13:21  Probe  
  58  13:26  Pylon  
  59  13:29  Blink  
  59  13:32  Immortal  
  63  13:35  Probe  
  63  13:37  Probe  
  65  13:46  Probe  
  66  13:53  Probe  
  66  13:55  Zealot x4  
  73  13:56  Probe  
  73  14:02  Gateway  
  76  14:03  Gateway  
  76  14:05  Probe, Gateway  
  76  14:06  Pylon  
  76  14:07  Probe  
  76  14:08  Pylon, Photon Cannon  
  76  14:09  Photon Cannon  
  78  14:10  Photon Cannon  
  78  14:15  Probe  
  78  14:17  Probe, Photon Cannon  
  78  14:19  Photon Cannon  
  78  14:20  Stalker  
  78  14:22  Photon Cannon  
  82  14:24  Pylon  
  82  14:38  Pylon, Probe  
  82  14:40  Probe  
  84  14:51  Immortal  
  88  15:11  Photon Cannon  
  88  15:13  Dark Shrine  
  88  15:17  Adept  
  88  15:18  Adept x6  
  102  15:22  Protoss Ground Weapons Level 2 (Chrono Boost)  
  102  15:28  Probe  
  102  15:29  Resonating Glaives (Chrono Boost), Probe  
  102  15:30  Immortal  
  108  15:52  Probe  
  108  15:55  Zealot  
  108  15:56  Zealot x6  
  123  16:01  Protoss Ground Armor Level 2 (Chrono Boost)  
  123  16:09  Observer  
  124  16:28  Dark Templar x2  
  124  16:31  Observer  
  129  16:47  Pylon  
  129  16:48  Pylon  
  129  17:01  Dark Templar x7  
  133  17:05  Charge  
  143  17:14  Immortal  
  147  17:18  Photon Cannon x2  
  147  17:25  Photon Cannon  
  147  17:41  Pylon  
  147  17:43  Probe x2  
  149  17:48  Zealot x4  
  157  17:53  Immortal  
  161  17:59  Protoss Ground Weapons Level 3 (Chrono Boost)  
  153  18:59  Zealot  
  153  19:00  Zealot x6  
  167  19:33  Dark Templar  
  167  19:34  Dark Templar x6  
  181  19:39  Archon x3  
  94  20:14  Zealot  
  94  20:15  Zealot x5  
  94  20:16  Zealot  
  98  20:38  Protoss Ground Armor Level 3 (Chrono Boost), Protoss Shields Level 2 (Chrono Boost)  
  98  20:48  Dark Templar x4  
  98  20:49  Dark Templar x2  
  100  20:51  Nexus  
  72  21:20  Zealot x2  
  72  21:21  Zealot x3  
  65  21:47  Dark Templar x2  
  65  21:48  Dark Templar x2  
  65  22:23  Zealot x2  
  65  22:24  Zealot x5  
Show
View Real Time Build Order
Export as new Build Order

Fropez Protoss 

Build Orders: Double Forge 

Get SALT Encoding   

  12  0:13  Probe (Chrono Boost)  
  12  0:14  Pylon  
  13  0:23  Probe (Chrono Boost)  
  14  0:35  Probe (Chrono Boost)  
  15  0:36  Gateway  
  15  0:45  Probe (Chrono Boost)  
  16  0:50  Assimilator  
  16  0:58  Probe (Chrono Boost)  
  17  1:06  Pylon  
  17  1:09  Probe (Chrono Boost)  
  18  1:19  Probe (Chrono Boost)  
  18  1:24  Cybernetics Core  
  19  1:30  Probe (Chrono Boost)  
  20  1:44  Gateway  
  20  1:46  Probe (Chrono Boost)  
  21  1:56  Probe (Chrono Boost)  
  21  2:00  Warp Gate (Chrono Boost)  
  22  2:03  Adept  
  24  2:11  Forge, Probe  
  24  2:12  Assimilator  
  25  2:21  Pylon  
  26  2:31  Adept  
  26  2:34  Adept  
  30  2:39  Pylon  
  30  2:40  Probe  
  30  2:46  Protoss Ground Weapons Level 1 (Chrono Boost)  
  30  2:52  Probe  
  31  3:04  Probe  
  32  3:16  Adept x2  
  37  3:38  Mothership Core  
  38  3:59  Probe  
  39  4:34  Nexus  
  39  4:35  Pylon  
  39  4:37  Assimilator  
  39  4:38  Assimilator  
  39  4:40  Pylon  
  39  4:41  Pylon  
  39  4:44  Robotics Facility  
  39  4:48  Adept  
  37  4:55  Adept  
  37  4:56  Forge, Probe  
  37  4:59  Pylon  
  40  5:09  Adept, Pylon  
  40  5:14  Probe, Protoss Ground Armor Level 1 (Chrono Boost)  
  43  5:27  Adept  
  45  5:34  Observer  
  46  5:39  Probe  
  47  5:43  Adept  
  49  5:57  Gateway  
  50  6:11  Observer  
  50  6:13  Twilight Council  
  48  6:22  Pylon  
  47  6:33  Observer  
  37  6:54  Adept x2  
  37  7:00  Probe  
  37  7:01  Probe  
  40  7:05  Protoss Ground Weapons Level 2 (Chrono Boost)  
  40  7:06  Resonating Glaives  
  41  7:09  Observer  
  42  7:15  Adept  
  42  7:16  Adept  
  42  7:17  Protoss Ground Armor Level 2 (Chrono Boost)  
  42  7:19  Adept  
  48  7:40  Adept x3  
  54  8:03  Adept x3  
  50  8:34  Adept  
  50  8:35  Adept x2  
  56  8:42  Immortal  
  49  9:03  Pylon  
  49  9:04  Adept x3  
  38  9:37  Adept x2  
  38  9:38  Adept  
  42  9:54  Immortal  
  42  9:57  Probe  
  47  10:12  Pylon  
  47  10:15  Nexus  
  47  10:45  Immortal  
  47  10:46  Pylon  
  51  10:56  Adept  
  48  11:18  Adept  
  48  11:19  Adept  
  40  11:39  Adept x2  
  42  11:43  Probe  
  42  11:45  Probe  
  44  12:00  Adept x2  
  48  12:21  Adept x2  
  50  12:38  Immortal (Chrono Boost)  
  50  12:44  Adept  
  51  12:57  Nexus  
  51  13:14  Probe  
  51  13:16  Immortal (Chrono Boost)  
  51  13:17  Probe  
  57  13:33  Pylon  
  57  13:34  Pylon  
  57  13:50  Immortal (Chrono Boost)  
  61  14:05  Pylon  
  61  14:06  Assimilator  
  61  14:07  Probe  
  62  14:10  Assimilator  
  62  14:13  Pylon  
  62  14:15  Assimilator  
  62  14:19  Assimilator  
  62  14:21  Templar Archives  
  62  14:29  Probe  
  62  14:30  Pylon, Probe  
  62  14:31  Probe  
  65  14:39  Adept x2  
  69  14:55  Gateway, Immortal (Chrono Boost)  
  73  15:00  Probe  
  73  15:02  Probe  
  73  15:06  High Templar x2  
  79  15:11  Protoss Shields Level 1  
  79  15:16  Protoss Ground Armor Level 3  
  79  15:25  Gateway  
  79  15:30  Gateway  
  79  15:34  Immortal (Chrono Boost)  
  83  15:49  High Templar x2  
  87  15:53  Archon x2  
  87  16:11  Immortal (Chrono Boost)  
  91  16:29  High Templar x3  
  91  16:30  High Templar  
  99  16:33  Archon  
  99  16:35  Archon  
  86  17:17  Observer (Chrono Boost)  
  87  17:25  Photon Cannon  
  87  17:40  Gateway  
  87  17:43  Gateway  
  87  17:44  Pylon  
  87  18:00  High Templar x2  
  87  18:01  High Templar  
  87  18:02  High Templar  
  87  18:07  Archon  
  87  18:08  Archon  
  87  18:13  Pylon  
  87  18:30  Nexus  
  87  18:32  Assimilator  
  85  18:38  Assimilator  
  85  18:40  Pylon  
  85  18:41  Pylon  
  83  18:45  Pylon  
  83  18:48  Pylon  
  81  18:55  Pylon  
  81  18:59  High Templar x2  
  81  19:02  Zealot x2  
  89  19:16  Probe  
  89  19:17  Probe  
  91  19:26  Probe  
  91  19:29  Probe  
  91  19:30  Archon  
  93  19:34  Zealot x4  
  93  19:35  Zealot x2  
  105  19:42  Charge (Chrono Boost)  
  95  19:59  High Templar  
  85  20:00  Zealot x2  
  85  20:01  Zealot x3  
  75  20:21  Zealot  
  75  20:22  Zealot x4  
  83  20:38  Probe  
  83  20:39  Probe x2  
  83  20:41  Pylon  
  86  20:43  Pylon  
  86  20:46  Pylon  
  86  20:49  Probe x2  
  78  20:52  Probe  
  81  20:59  Probe  
  81  21:00  Probe  
  81  21:04  Probe  
  84  21:10  Probe x2  
  74  21:16  Probe  
  67  21:20  Probe  
  66  21:29  Observer  
  48  22:17  Zealot x3  
  48  22:18  Zealot x3  
  44  22:29  Probe  
  36  22:30  Probe x2  
  39  22:40  Probe x2  
  39  22:42  Probe  
  42  22:50  Probe  
  42  22:51  Probe  
  42  22:55  Probe  
  45  23:01  Probe x2  
Tags
 
Add a new tag
Caveats
  • Supply blocks, unpowered buildings, or Contaminate may cause inaccurate times.
  • Supply counts are checked every 10 seconds.